 Dungeon Crawl Stone Soup version 0.20-a0-396-gbf3f530 (webtiles) character file.

318 Kokiki the Grave Robber (level 6, -4/43 HPs)
             Began as a Vampire Necromancer on Dec 31, 2016.
             Killed from afar by an orc wizard (11 damage)
             ... with a magic dart
             ... on level 4 of the Dungeon.
             The game lasted 00:13:04 (3351 turns).

Kokiki the Grave Robber (Vampire Necromancer)       Turns: 3351, Time: 00:13:05

Health: -4/43      AC:  0    Str:  6 (7)  XL:     6   Next: 21%
Magic:  0/10       EV: 20    Int: 20      God:
Gold:   159        SH:  0    Dex: 18 (19) Spells: 0/11 levels left

rFire  . . .     SeeInvis +     (weapon currently unavailable)
rCold  . . .     Gourm    .     (armour currently unavailable)
rNeg   + . .     Faith    .     (shield currently unavailable)
rPois  .         Spirit   .     (helmet currently unavailable)
rElec  .         Reflect  .     (cloak currently unavailable)
rCorr  .         Harm     .     (gloves currently unavailable)
MR     .....                    (boots currently unavailable)
Stlth  +++++.....               (no amulet)
                                (ring currently unavailable)
                                (ring currently unavailable)

@: bat-form, flying, very quick
A: fangs 3, see invisible, (unbreathing)
a: End Transformation


You were on level 4 of the Dungeon.
You were not thirsty.
You were in vampire-bat-form.
You visited 1 branch of the dungeon, and saw 4 of its levels.

You collected 159 gold pieces.

Inventory:

Hand Weapons
 f - a +1 long sword of electrocution (melded)
Missiles
 h - 5 poisoned tomahawks (quivered)
Armour
 a - a +1 robe (melded)
 i - a +0 cloak (melded)
 k - a +2 helmet (melded)
Scrolls
 d - 4 scrolls of identify
 e - a scroll of remove curse
Potions
 g - 3 potions of curing
Books
 b - a book of Necromancy

   Spells                             Type                      Level
   a - Pain                           Necromancy                   1
   b - Animate Skeleton               Necromancy                   1
   c - Vampiric Draining              Necromancy                   3
   d - Regeneration                   Charms/Necromancy            3
   e - Animate Dead                   Necromancy                   4
   f - Control Undead                 Necromancy                   4


   Skills:
 * Level 1.4 Fighting
 + Level 0.6 Long Blades
 + Level 2.5 Dodging
 + Level 3.4 Stealth
 + Level 3.0 Spellcasting
 * Level 7.0 Necromancy


You couldn't memorise any spells.
You knew the following spells:

 Your Spells              Type           Power        Failure   Level  Hunger
a - Pain                  Necr           ####         1%          1    None
b - Vampiric Draining     Necr           ####......   2%          3    ###....
c - Regeneration          Chrm/Necr      ###.......   12%         3    ###....
d - Control Undead        Necr           ####......   10%         4    ####...


Dungeon Overview and Level Annotations

Branches:
Dungeon (4/15)
 Temple: D:4-7

Altars:

Shops:
D:4 (

Annotations:
D:3 dondy's ghost, amateur DsAK


Innate Abilities, Weirdness & Mutations

You have razor-sharp teeth.
You have supernaturally acute eyesight. (SInv)
((You can survive without breathing.))


Message History

Confirm with . or Enter, or press ? or * to list all spells.
You don't have enough magic to cast that spell.
You don't have enough magic at the moment.
The orc wizard miscasts a cantrip.
The orc wizard casts a spell.
The orc wizard miscasts a cantrip.
The orc wizard casts a spell at you. The puff of flame hits you!
The orc wizard gestures wildly while chanting.
You turn into a vampire bat.
Your +1 long sword of electrocution melds into your body.
Your +0 cloak melds into your body.
Your +2 helmet melds into your body.
Your +1 robe melds into your body.
Your +1 long sword of electrocution stops crackling.
The orc wizard casts a spell at you. The puff of frost hits you!
* * * LOW HITPOINT WARNING * * *
The orc wizard gestures at you while chanting.
The magic dart hits you!
You die...

#..................#
#..........###........#.....
#..................##.#....
#..................##.#...#.# ..
#..................#..#...#.# ..
#.........†).......#......#.#
...
####......................#.#
...
#......###........#........#)†..
#......# #.....b...........#....
#......# #.................(....
#......###.........o......?)....
#..................o.....$......
#............##..........#.##+##
#............##..........+.#
#............##..........###
##...........####.......##
#.)........... #.###...#


You could see an orc wizard and an orc.

Vanquished Creatures
  2 orc wizards
  An orc priest (D:4)
  2 worker ants (D:4)
  Robin (D:2)
  4 adders
  4 gnolls
  An ooze (D:3)
  2 dart slugs
  2 leopard geckos
  5 orcs
  3 ball pythons
  7 bats
  8 giant cockroaches
  17 goblins
  8 hobgoblins
  3 jackals (D:3)
  5 kobolds
  2 quokkas (D:2)
  3 frilled lizards
  7 rats
87 creatures vanquished.

Notes
Turn   | Place    | Note
-------+----------+-------------------------------------------
     0 | D:1      | Kokiki the Vampire Necromancer began the quest for the Orb.
     0 | D:1      | Reached XP level 1. HP: 13/13 MP: 3/3
   504 | D:1      | Reached XP level 2. HP: 14/19 MP: 1/5
   772 | D:1      | Reached skill level 5 in Necromancy
  1065 | D:1      | Reached XP level 3. HP: 18/24 MP: 2/6
  1070 | D:1      | Learned a level 3 spell: Vampiric Draining
  1215 | D:2      | Noticed Robin
  1524 | D:2      | Killed Robin
  1524 | D:2      | Reached XP level 4. HP: 21/30 MP: 1/7
  1529 | D:2      | Learned a level 3 spell: Regeneration
  1990 | D:3      | Found a faded altar of an unknown god.
  2002 | D:3      | Noticed dondy's ghost (amateur DsAK)
  2295 | D:3      | Reached skill level 6 in Necromancy
  2903 | D:4      | Reached XP level 5. HP: 18/36 MP: 0/9
  3010 | D:4      | Found Banoz's Weapon Emporium.
  3027 | D:3      | Reached skill level 1 in Fighting
  3200 | D:4      | Reached XP level 6. HP: 33/43 MP: 3/10
  3318 | D:4      | Learned a level 4 spell: Control Undead
  3339 | D:4      | Reached skill level 7 in Necromancy
  3351 | D:4      | Killed from afar by an orc wizard

Vault maps used:
D:1:      minmay_arrival_stone_box
D:2:      uniq_robin
D:3:      chequers_ecumenical_altar_simple, roderic_cross_of_infinity
D:4:      serial_shops, nicolae_shop_crystal, glass_columns_b,
          uniq_blork_the_orc

Skill      XL: |  1  2  3  4  5  6 |
---------------+-------------------+-----
Necromancy     | 5 6 7 |  7.0
Fighting       | 1 |  1.4
Spellcasting   | 3 |  3.0
Long Blades    | |  0.6
Dodging        | |  2.5
Stealth        | |  3.4

Action                   |  1- 3 |  4- 6 || total
-------------------------+-------+-------++-------
Melee: Unarmed           |     4 |       ||     4
       Long sword        |       |    32 ||    32
       Bite              |       |     4 ||     4
Throw: Tomahawk          |     2 |       ||     2
 Cast: Pain              |    73 |    74 ||   147
       Regeneration      |       |     6 ||     6
       Vampiric Draining |       |     1 ||     1
 Abil: Bat Form          |       |     1 ||     1
  Use: Scroll            |     1 |     6 ||     7
       Potion            |     3 |     2 ||     5
 Stab: Sleeping          |       |     1 ||     1
  Eat: Corpse            |     6 |     7 ||    13
Armor: Robe              |     7 |    16 ||    23
Dodge: Dodged            |    31 |    49 ||    80
       Rpst.: Long sword |       |    16 ||    16
